 Dungeon Crawl Stone Soup version 0.29.1-15-g9cfb28693d (webtiles) character file.

Game seed: 9143209013102841816

1498 CatalinOSBI the Reanimator (level 8, -1/58 (61) HPs)
             Began as a Deep Elf Necromancer on Apr 3, 2023.
             Slain by an orc
             ... wielding a +0 hand axe
              (3 damage)
             ... on level 6 of the Dungeon on Apr 4, 2023.
             The game lasted 01:11:17 (9090 turns).

CatalinOSBI the Reanimator (Deep Elf Necromancer)   Turns: 9090, Time: 01:11:18

HP:   -1/58 (61)    AC:  5    Str:  5    XL:     8   Next: 52%
MP:   26/28         EV: 13    Int: 23    God:
Gold: 430           SH:  0    Dex: 15    Spells: 4/19 levels left

rFire   x . .      SeeInvis .   b - +0 dagger (venom)
rCold   + . .      Faith    .   c - orb {*Rage}
rNeg    . . .      Spirit   .   a - +0 robe
rPois   .          Reflect  .   r - +1 helmet
rElec   .          Harm     .   (no cloak)
rCorr   .          Rampage  .   (no gloves)
Will    +....      Rage     20% u - +0 pair of boots
Stlth   ..........              (no amulet)
HPRegen 0.19/turn               D - ring of magical power
MPRegen 0.21/turn               s - ring of ice

@: berserking (expiring), studying Staves, lightly drained, very quick
A: strong-willed 1
a: no special abilities


You were on level 6 of the Dungeon.
You visited 2 branches of the dungeon, and saw 7 of its levels.

You collected 430 gold pieces.

Inventory:

Hand Weapons
 b - a +0 dagger of venom (weapon)
 m - a +0 short sword of flaming
Missiles
 d - 7 javelins
Armour
 a - a +0 robe (worn)
 c - an orb of wrath (worn)
 r - a +1 helmet (worn)
 u - a +0 pair of boots (worn)
Jewellery
 s - a ring of ice (right hand)
 D - a ring of magical power (left hand)
Wands
 C - a wand of iceblast (2)
 F - a wand of mindburst (14)
Scrolls
 f - 2 scrolls of teleportation
 n - 3 scrolls of immolation
 v - a scroll of amnesia
 y - a scroll of fog
Potions
 e - a potion of lignification {unknown}
 k - 5 potions of curing
 o - a potion of brilliance
Miscellaneous
 q - a piece from Xom's chessboard (15/15)


   Skills:
 - Level 3.0 Dodging
 - Level 3.1 Stealth
 + Level 6.3 Spellcasting
 + Level 9.6 Necromancy
 * Level 6.9 Poison Magic


You had 4 spell levels left.
You knew the following spells:

 Your Spells              Type           Power      Damage    Failure   Level
a - Necrotise             Necr           100%       1d9       1%          1
b - Vampiric Draining     Necr           51%        2d9       1%          3
c - Animate Dead          Necr           51%        N/A       1%          4
d - Magic Dart            Conj           28%        1d4       9%          1
e - Mephitic Cloud        Conj/Pois/Air  17%        N/A       10%         3
f - Ignite Poison         Fire/Tmut/Pois 17%        N/A       10%         3

Your spell library contained the following spells:

 Spells                   Type           Power      Damage    Failure   Level
 Spider Form              Tmut/Pois      23%        N/A       6%          3
 Beastly Appendage        Tmut           14%        N/A       9%          1
 Call Imp                 Summ           7%         N/A       12%         2
 Wereblood                Tmut           7%         N/A       12%         2
 Agony                    Necr           51%        N/A       4%          5
 Freezing Cloud           Conj/Ice/Air   5%         6-21      92%         5


Dungeon Overview and Level Annotations

Branches:
Dungeon (6/15)             Temple (1/1) D:4

Altars:
Ashenzari
Cheibriados
Dithmenos
Fedhas
Okawaru
Qazlal
Ru
Sif Muna
Trog
Wu Jian
Xom
Zin
The Shining One

Shops:
D:4 *:   D:5 (!:**

Annotations:
D:1 exclusion: downstairs
D:5 exclusion: downstairs
D:6 Dowan, Pikel


Innate Abilities, Weirdness & Mutations

You are strong-willed. (Will+)


Message History

The orc priest looks as sick as possible!
The orc priest is severely wounded.
The orc priest hits you with a +2 dagger of draining.
You feel drained. The lemure hits you.
You are too berserk!
You barely miss the orc priest.
The orc priest is almost dead.
You kill the orc priest!
The lemure closely misses you.
You closely miss the orc. The orc hits you with a +0 flail!
* * * LOW HITPOINT WARNING * * *
The lemure hits you but does no damage.
You closely miss the orc. You barely miss the orc.
The orc hits you with a +0 flail.
* * * LOW HITPOINT WARNING * * *
Dowan casts a spell.
Dowan blinks!
The lemure hits you.
* * * LOW HITPOINT WARNING * * *
You puncture the orc!
You kill the orc!
The lemure hits you.
* * * LOW HITPOINT WARNING * * *
You are too berserk!
You are too berserk!
You puncture the lemure!
The lemure is poisoned.
The lemure is moderately wounded.
You hit the lemure.
The lemure looks as sick as possible!
The lemure is heavily wounded.
The lemure hits you.
* * * LOW HITPOINT WARNING * * *
You puncture the lemure!
The lemure looks as sick as possible!
The lemure is almost dead.
The lemure hits you but does no damage.
You miss the lemure.
The lemure is almost dead.
You hit the lemure.
You kill the lemure!
That felt strangely unrewarding.
You closely miss the orc. The orc hits you with a +0 hand axe.
You die...

... .e# .. .# # ##5 #.
#.# ###.####.#
#....)@o.# ###..###e## .
#.# ##.## #.. #. #..
#..##...# #... #..#.
##.....###...... #..o.
##............... #..o
###................
...###...#...#........#.
#.#...###...#..........


You could see Dowan and an orc.

Vanquished Creatures
  Prince Ribbit (D:6)
  Edmund (D:5)
  2 ice beasts (D:6)
  2 ogres
  4 lemures (D:6)
  A scorpion (D:4)
  A howler monkey (D:5)
  3 hounds (D:5)
  4 orc priests
  2 jellies
  4 iguanas
  6 orc wizards
  3 adders
  A shadow imp (D:5)
  A white imp (D:5)
  An ufetubus (D:6)
  2 worms (D:2)
  4 dart slugs
  29 orcs
  6 ball pythons
  10 endoplasms
  3 giant cockroaches
  4 goblins
  7 hobgoblins
  3 jackals (D:4)
  2 quokkas
  13 bats
  A frilled lizard (D:2)
  A jackal zombie (D:6)
  7 kobolds
  9 rats
138 creatures vanquished.

Vanquished Creatures (collateral kills)
  An orc wizard (D:3)
  An adder (D:2)
  An orc (D:3)
  A bat (D:6)
  A rat (D:1)
  2 butterflies (D:3)
7 creatures vanquished.

Vanquished Creatures (others)
  2 fungi (D:4)
  A plant (D:5)
  4 toadstools (D:4)
7 creatures vanquished.

Grand Total: 152 creatures vanquished

Notes
Turn   | Place    | Note
-------+----------+-------------------------------------------
     0 | D:1      | CatalinOSBI the Deep Elf Necromancer began the quest for
                  | the Orb.
     0 | D:1      | Reached XP level 1. HP: 10/10 MP: 6/6
   494 | D:1      | Reached skill level 5 in Necromancy
   494 | D:1      | Reached XP level 2. HP: 15/15 MP: 4/8
  1391 | D:2      | Reached XP level 3. HP: 19/19 MP: 7/10
  2049 | D:2      | Reached XP level 4. HP: 24/24 MP: 10/12
  2098 | D:3      | Found a shimmering altar of Xom.
  2321 | D:3      | Reached skill level 6 in Necromancy
  2321 | D:3      | Reached skill level 1 in Poison Magic
  2337 | D:3      | Reached XP level 5. HP: 5/28 MP: 1/13
  2813 | D:3      | Found a faded altar of an unknown god.
  2814 | D:3      | Noticed an eye of devastation
  2816 | D:3      | Noticed an eye of devastation
  2816 | D:3      | Noticed a shining eye
  2816 | D:3      | Noticed a floating eye
  3102 | D:3      | Found an iron altar of Okawaru.
  3397 | D:4      | Found a staircase to the Ecumenical Temple.
  3502 | D:4      | Found Dion's Mass Market.
  3674 | D:4      | Found Linn's Vocational Training.
  3818 | D:4      | Reached skill level 5 in Spellcasting
  3846 | D:4      | Learned a level 3 spell: Vampiric Draining
  4199 | D:4      | Reached XP level 6. HP: 13/32 MP: 12/15
  4200 | D:4      | Reached skill level 7 in Necromancy
  4433 | Temple   | Entered the Ecumenical Temple
  5165 | D:5      | Entered Level 5 of the Dungeon
  5238 | D:5      | Found Gaeq's Book Shoppe.
  5260 | D:5      | Reached XP level 7. HP: 29/36 MP: 4/17
  5298 | D:5      | Noticed Edmund
  5928 | D:6      | Noticed Prince Ribbit
  5957 | D:6      | Reached skill level 8 in Necromancy
  6050 | D:6      | Killed Prince Ribbit
  6051 | D:6      | Reached skill level 9 in Necromancy
  6064 | D:6      | Reached skill level 5 in Poison Magic
  6192 | D:5      | Found Usajoit's Weapon Emporium.
  6510 | D:5      | Found a sacrificial altar of Ru.
  6550 | D:5      | Found Xeucw's Distillery.
  6609 | D:5      | Found Postrog's Assorted Antiques.
  6625 | D:5      | Reached XP level 8. HP: 41/41 MP: 19/19
  6727 | D:5      | Found the +4 dagger "Morg" {pain, Will+ Int+5}
  6830 | D:5      | Learned a level 4 spell: Animate Dead
  6848 | D:5      | Found Nifei's Assorted Antiques.
  7062 | D:5      | Killed Edmund
  7995 | D:6      | Noticed Pikel
  8495 | D:5      | Gained mutation: You are strong-willed. (Will+) [potion of
                  | mutation]
  8673 | D:6      | Learned a level 1 spell: Magic Dart
  9024 | D:6      | Learned a level 3 spell: Mephitic Cloud
  9045 | D:6      | Learned a level 3 spell: Ignite Poison
  9068 | D:6      | Noticed Dowan
  9086 | D:6      | HP: 1/58 [lemure[Pikel] (5)]
  9090 | D:6      | Slain by an orc

Illustrated notes

Levels and vault maps discovered:
D:1:      minmay_arrival_three_doors, layout_basic, minmay_misc_feat_five,
          chequers_avenue
D:2:      minmay_alternating_diamond, layout_rooms, palyth_stone_intersect
D:3:      layout_loops_ring, xom_butterflies, okawaru_ov_weapons_minmay,
          hellmonk_ecumenical_altar_watching_god
D:4:      layout_loops_ring, minmay_temple_entry_stoned_glass, serial_rivers,
          chequers_serial_rivers_micro_a, chequers_serial_rivers_large_b,
          chequers_serial_rivers_room_a, chequers_serial_rivers_marsh,
          chequers_serial_rivers_micro_c, chequers_serial_rivers_micro_c,
          minmay_gold_behind_fungi, minmay_shop_mass, nicolae_shop_vocational
D:5:      layout_basic, nicolae_ru_sacrificial_ziggurat, serial_shops,
          nicolae_take_the_stairs, nicolae_inconvenience_store,
          nicolae_shop_overgrown_old_shop, nicolae_stop_n_shop_1,
          nicolae_shop_waterfront, kennysheep_generic_room_10, uniq_edmund
D:6:      layout_layer_cave, enter_ossuary_3, roderic_batcave,
          uniq_prince_ribbit1, uniq_duvessa, uniq_pikel
Temple:   nicolae_temple_two_arcs

Skill      XL: |  1  2  3  4  5  6  7  8 |
---------------+-------------------------+-----
Necromancy     | 5 6 7 9 |  9.6
Stealth        | 3 |  3.1
Dodging        | 3 |  3.0
Spellcasting   | 4 5 6 |  6.3
Poison Magic   | 1 2 3 5 6 |  6.9

Action                   |  1- 3 |  4- 6 |  7- 9 || total
-------------------------+-------+-------+-------++-------
Melee: Unarmed           |    13 |       |       ||    13
       Short sword       |     1 |     7 |    67 ||    75
       Dagger            |       |       |    20 ||    20
 Cast: Necrotise         |    62 |   104 |    67 ||   233
       Vampiric Draining |       |     3 |    24 ||    27
       Magic Dart        |       |       |     9 ||     9
       Animate Dead      |       |       |     2 ||     2
Evoke: Wand              |       |     8 |    15 ||    23
  Use: Potion            |       |       |    11 ||    11
       Scroll            |       |       |    14 ||    14
 Stab: Sleeping          |     1 |       |       ||     1
Armor: Robe              |     7 |     4 |    26 ||    37
Dodge: Dodged            |    15 |    29 |    71 ||   115
